Cogmind - Beta 14 @@@ ROGUE MODE // 2024.09.21 @ 22:16:42 Player: Duduxx Result: Destroyed by H-66 Slayer with Gauss Rifle Performance ------------- Evolutions (4) 2000 Regions Visited (6) 1200 Robots Destroyed (102) 510 Value Destroyed (4578) 4578 Prototype IDs (2) 40 Alien Tech Used (0) 0 Bonus (1266) 1266 TOTAL SCORE: 9594 Bonus ------- High Alert Combat Kills 529 Follower Combat Kills 37 Entered Garrisons 200 Used RIF Installer 500 Cogmind --------- Core Integrity 0/850 Matter 265/300 Energy 200/200 System Corruption 14% Temperature Cool (30) Movement Walking (120) Location -6/Factory Parts ------- > --- POWER (2) -------- Light Angular Momentum Engine Light Angular Momentum Engine > --- PROPULSION (4) --- Carbon-fiber Leg Flexi-carbon Leg Flexi-carbon Leg > --- UTILITY (6) ------ Advanced Heat Sink Large Storage Unit Advanced Weight Redist. System (fused) System Shield Relay Coupler [Brawler] (21) Relay Coupler [Duelist] (24) > --- WEAPON (3) ------- Heavy Plasma Cannon Heavy Plasma Cannon > --- INVENTORY (15) --- Light Treads Carbon-fiber Leg Carbon-fiber Leg Flexi-carbon Leg Improved Heat Sink Improved Sensor Array Improved Signal Interpreter Improved Medium Armor Plating Relay Coupler [Swarmer] (44) Relay Coupler [Demolisher] (21) Relay Coupler [Heavy] (14) Guided EMP Blaster Rocket Launcher Power Sword Peak State ------------ > --- POWER ------------ Light Angular Momentum Engine Light Angular Momentum Engine > --- PROPULSION ------- Carbon-fiber Leg Carbon-fiber Leg Carbon-fiber Leg Flexi-carbon Leg > --- UTILITY ---------- Advanced Heat Sink Large Storage Unit Advanced Weight Redist. System System Shield Relay Coupler [Brawler] Relay Coupler [Duelist] > --- WEAPON ----------- Heavy Laser Guided EMP Blaster > --- INVENTORY -------- Light Treads Carbon-fiber Leg Improved Heat Sink Improved Sensor Array Improved Signal Interpreter Relay Coupler [Swarmer] Relay Coupler [Demolisher] Relay Coupler [Heavy] Heavy Plasma Cannon Rocket Launcher [Rating: 61] Favorites ----------- Power Improved Ion Engine Engine Improved Ion Engine Power Core Light Nuclear Core Propulsion Aluminum Leg Treads Advanced Treads Leg Aluminum Leg Wheel Armored Huge Wheel Utility Large Storage Unit Device Improved Heat Sink Storage Large Storage Unit Hackware System Shield Protection Light Armor Plating Weapon Advanced Beam Rifle Energy Gun Advanced Beam Rifle Energy Cannon Heavy Plasma Cannon Ballistic Gun Assault Rifle Ballistic Cannon Assault Cannon Launcher Rocket Launcher Special Weapon Remote Datajack Impact Weapon Great Maul Slashing Weapon Segregator Build | -11 -10 -9 -8 -8 -7 -6 ------- Run | Yrd Mat Mat Mat Gar Fac Fac Slots Evolved 8 | . . 2 2 . 2 2 Power 1 | . . . . . 1 . Propulsion 2 | . . 1 1 . . . Utility 4 | . . 1 1 . 1 1 Weapon 1 | . . . . . . 1 Parts Attached 143 | 6 2 11 28 34 4 58 Power 18 | 1 . 2 2 6 1 6 Engine 12 | 1 . 1 2 2 . 6 Core 6 | . . 1 . 4 1 . Reactor . | . . . . . . . Propulsion 44 | 2 . 2 9 9 2 20 Treads 9 | 2 . . 4 2 . 1 Leg 30 | . . 2 4 7 2 15 Wheel 5 | . . . 1 . . 4 Hover . | . . . . . . . Flight . | . . . . . . . Utility 36 | 1 2 2 7 9 1 14 Device 15 | . 1 1 2 5 . 6 Storage 5 | 1 1 . 3 . . . Processor . | . . . . . . . Hackware 6 | . . . . 3 1 2 Protection 10 | . . 1 2 1 . 6 Artifact . | . . . . . . . Weapon 45 | 2 . 5 10 10 . 18 Energy Gun 17 | 1 . 4 3 5 . 4 Energy Cannon 6 | . . . 1 . . 5 Ballistic Gun 3 | 1 . 1 1 . . . Ballistic Cannon 1 | . . . 1 . . . Launcher 7 | . . . 2 1 . 4 Special Weapon 5 | . . . 2 . . 3 Impact Weapon 5 | . . . . 4 . 1 Slashing Weapon 1 | . . . . . . 1 Piercing Weapon . | . . . . . . . Special Melee Weapon . | . . . . . . . Unidentified Prototypes 2 | . . . 1 . . 1 Corrupted Parts 2 | . . 1 . . . 1 System Corruption 7 | . . 6 . . . 1 Parts Lost 60 | . . 9 4 14 . 33 Power 9 | . . 1 . 2 . 6 Propulsion 19 | . . 3 2 4 . 10 Utility 16 | . . 1 . 7 . 8 Weapon 16 | . . 4 2 1 . 9 Highest Loss Streak 9 | . . 5 1 3 . 9 To Critical Strikes . | . . . . . . . Average Slot Usage (%) 87 | . 96 82 80 92 95 81 Engine 5 | . 14 8 7 3 7 5 Core 2 | . . 2 . 5 7 . Treads 11 | . 28 9 15 15 . . Leg 16 | . . 13 14 20 30 15 Wheel 1 | . . . . . . 5 Device 14 | . 11 16 13 16 7 11 Storage 8 | . 14 10 6 9 7 6 Hackware 4 | . . . . 1 18 13 Protection 3 | . . . 6 2 . 5 Energy Gun 12 | . 14 19 10 16 15 4 Impact Weapon 1 | . . . . 1 . 2 Peak Build Rating 61 | 6 7 15 31 32 40 61 Average Rating 27 | 4 6 11 20 27 37 42 On Entrance 16 | . 6 7 . 29 32 40 Naked Turns 18 | . . 16 2 . . . Heaviest Build 59 | 12 28 35 41 38 39 59 Greatest Support 86 | 40 40 40 86 86 56 79 Greatest Overweight (x) 3 | . . 3 1 1 . 2 Average Overweight (x) . | . . . . . . . Largest Inventory Capacity 15 | 8 15 15 15 15 15 15 Average Capacity 13 | 6 14 14 9 15 15 15 Most Carried 15 | 2 4 7 10 15 15 15 Average Carried 9 | . 2 5 6 12 13 10 Final Capacity 15 | 8 15 5 15 15 15 15 Final Carried 15 | 1 3 5 10 15 15 15 Class Distribution -------------------- 57% | Scavenger-Mutant 26% | Mutant 12% | Bothacker-Mutant Dominant Class ---------------- Mutant | -10/Materials Scavenger-Mutant | -9/Materials Mutant | -8/Materials Scavenger-Mutant | -8/Garrison Scavenger-Mutant | -7/Factory Bothacker-Mutant | -6/Factory Resources | -11 -10 -9 -8 -8 -7 -6 ----------- Run | Yrd Mat Mat Mat Gar Fac Fac Matter Collected 1991 | 40 . 357 502 370 38 684 Remotely . | . . . . . . . Salvage Created 3960 | . 26 711 430 1367 167 1259 Parts 177 | . 2 51 28 48 5 43 Haulers Intercepted 3 | . . 1 1 . 1 . Recyclers Shooed 1 | . . . . . . 1 Parts Field Recycled . | . . . . . . . Retrieved Matter . | . . . . . . . Parts Self-Destructed . | . . . . . . . Prevented . | . . . . . . . Kills | -11 -10 -9 -8 -8 -7 -6 ------- Run | Yrd Mat Mat Mat Gar Fac Fac Combat Hostiles Destroyed 78 | . . 15 9 31 1 22 Melee 4 | . . . . . . 4 Guns 50 | . . 15 3 27 . 5 Cannons 7 | . . . 3 . . 4 AOE 9 | . . . 3 3 . 3 Classes Destroyed 14 | . 1 6 2 3 1 1 Worker 2 | . . . . . 1 1 Builder 6 | . . 1 2 . . 3 Tunneler 3 | . . . 3 . . . Hauler 3 | . . 1 1 . 1 . Recycler 2 | . . 1 . . . 1 Watcher 8 | . 1 4 1 . 1 1 Swarmer 13 | . . 6 . 7 . . Grunt 36 | . . 7 5 14 . 10 Brawler 2 | . . . . . . 2 Duelist 2 | . . . . 1 . 1 Sentry 12 | . . 2 3 4 . 3 Specialist 2 | . . . . 2 . . Hunter 8 | . . . 1 2 1 4 Programmer 3 | . . . . 1 . 2 Best Kill Streak 7 | . 1 7 3 3 3 3 Combat Bots Only 7 | . . 7 3 3 1 3 Max Kills in Single Turn 2 | . 1 1 1 2 1 2 Gunslinging 1 | . . . . 1 . . Exploded 2 | . . . 1 1 . 2 Melee 1 | . . . . . . 1 Uniques/NPCs Destroyed . | . . . . . . . Combat | -11 -10 -9 -8 -8 -7 -6 -------- Run | Yrd Mat Mat Mat Gar Fac Fac Hostile Shots Fired 841 | . . 139 105 195 15 387 Missed 243 | . . 40 33 55 6 109 Damage Taken 8931 | . . 1218 1027 1819 156 4711 Core 1549 | . . 222 300 118 48 861 Absorbed by Shields 61 | . . . . 61 . . Core Remaining (%) 72 | 100 100 44 . 24 93 . Volleys Fired 361 | . 6 56 72 144 14 69 Largest 2 | . 2 2 2 2 2 2 Hottest 180 | . 60 130 122 122 122 180 Shots Fired 614 | . 12 108 105 263 28 98 Gun 514 | . 12 108 66 257 28 43 Cannon 56 | . . . 21 . . 35 Launcher 31 | . . . 10 6 . 15 Special 13 | . . . 8 . . 5 Kinetic 47 | . 6 20 21 . . . Thermal 506 | . . 76 74 257 28 71 Explosive 31 | . . . 10 6 . 15 Electromagnetic 25 | . 6 12 . . . 7 Robot Hit Streak 23 | . 2 9 8 23 7 12 Robot Miss Streak 6 | . 3 4 6 4 3 3 Penetration Max . | . . . . . . . Secondary Targets 11 | . . 3 . 7 . 1 Max Gunslinging Chain 1 | . . 1 . 1 . 1 Shots Hit Robots 383 | . 5 67 62 145 16 88 Core Hits 171 | . 1 36 30 55 5 44 Critical Kills 1 | . . . . . . 1 Critical Parts Destroyed 4 | . . . . . . 4 Critical Strikes 26 | . . . 5 11 3 7 Burn 20 | . . . 4 11 3 2 Blast 1 | . . . 1 . . . Smash 5 | . . . . . . 5 Melee Attacks 52 | . . . . 12 . 40 Thermal 2 | . . . . . . 2 Impact 50 | . . . . 12 . 38 Slashing . | . . . . . . . Piercing . | . . . . . . . Sneak Attacks 2 | . . . . . . 2 Combat Hostiles . | . . . . . . . Follow-up Attacks . | . . . . . . . Damage Inflicted 10194 | . 79 1137 1614 3278 325 3761 Guns 5727 | . 79 986 860 2880 320 602 Cannons 1023 | . . . 321 . . 702 Explosions 1669 | . . 146 357 303 . 863 Melee 1680 | . . . . 95 . 1585 Ramming 23 | . . 5 4 . 5 9 Kinetic 497 | . 33 143 321 . . . Thermal 6387 | . . 824 932 2880 320 1431 Explosive 1332 | . . . 357 303 . 672 Electromagnetic 275 | . 46 165 . . . 64 Impact 1680 | . . . . 95 . 1585 Slashing . | . . . . . . . Piercing . | . . . . . . . Highest Corruption 14 | . . 8 . . . 14 Average Corruption 10 | . . 6 . . . 12 Corruption Purged . | . . . . . . . Corruption Blocked . | . . . . . . . Effects 78 | . . 19 . . . 59 Message Errors 17 | . . 4 . . . 13 Matter Fused 17 | . . 4 . . . 13 Heat Flow Errors 5 | . . 1 . . . 4 Energy Discharges 11 | . . 3 . . . 8 Parts Rejected 1 | . . . . . . 1 Parts Fused 1 | . . . . . . 1 Data Loss (minor) 11 | . . 4 . . . 7 Data Loss (major) 3 | . . 2 . . . 1 Misfires 2 | . . 1 . . . 1 Alerts 3 | . . . . . . 3 Misdirections 1 | . . . . . . 1 Weapon Failures 6 | . . . . . . 6 Overload Shots . | . . . . . . . Overflow Damage 574 | . . 34 15 7 . 518 Projectiles . | . . . . . . . Explosions 120 | . . 34 15 . . 71 Melee 454 | . . . . 7 . 447 Knockbacks 11 | . . . 4 . . 7 Impact 7 | . . . . . . 7 Kinetic 4 | . . . 4 . . . Secondary . | . . . . . . . Self-Inflicted Damage 229 | . . 64 15 25 . 125 Shots 9 | . . 2 1 1 . 5 Rammed 5 | . . 2 2 . . 1 Targets Rammed 7 | . . 2 2 . 1 2 Kicked 2 | . . . . . 1 1 Crushed . | . . . . . . . Highest Temperature 327 | . . 327 . 25 120 189 Average Temperature 42 | . . 90 . 6 55 50 Received Heat Transfer 2218 | . . 435 342 693 . 748 Siege Activations . | . . . . . . . Robots Corrupted 4 | . . . . . . 4 Combat Hostiles 4 | . . . . . . 4 Parts Fried 6 | . . . . . . 6 Impact Corruptions 15 | . . . . 1 . 14 Robots Melted 4 | . . . . 1 1 2 Combat Hostiles 4 | . . . . 1 1 2 Parts Melted 37 | . . 2 5 19 3 8 Heat Transferred 12492 | . . 1889 2037 5212 814 2540 Parts Sabotaged 2 | . . . . . . 2 Parts Stolen . | . . . . . . . Parts Stripped . | . . . . . . . Power Chain Reactions 1 | . . 1 . . . . Alert | -11 -10 -9 -8 -8 -7 -6 ------- Run | Yrd Mat Mat Mat Gar Fac Fac Peak Influence 1502 | . 37 401 415 1502 852 673 Initial 788 | . . 15 124 161 788 417 Average 504 | . 21 258 286 731 800 463 Maximum Alert Level 4 | . . 2 2 4 3 2 Low Security (%) 12 | 100 100 29 7 5 . . Level 1 34 | . . 59 74 18 . 31 Level 2 29 | . . 11 18 24 . 68 Level 3 16 | . . . . 31 100 . Level 4 8 | . . . . 20 . . Level 5 . | . . . . . . . High Security . | . . . . . . . Max Security . | . . . . . . . Squads Dispatched 13 | . . 1 2 . 1 9 Investigation 3 | . . . 1 . . 2 Extermination 1 | . . . . . . 1 Reinforcement 5 | . . 1 1 . 1 2 Assault 1 | . . . . . . 1 Garrison 3 | . . . . . . 3 Intercept . | . . . . . . . Searches Triggered . | . . . . . . . Construction Impeded 2 | . . . 1 . . 1 Haulers Reinforced 1 | . . . . . 1 . Active Scanning Responses . | . . . . . . . Cargo Convoy Interrupts . | . . . . . . . Stealth | -11 -10 -9 -8 -8 -7 -6 --------- Run | Yrd Mat Mat Mat Gar Fac Fac Distress Signals 3 | . . 2 1 . . . Communications Jammed . | . . . . . . . Distress Signals . | . . . . . . . Times Spotted 124 | . 3 28 21 34 3 35 Peak Tracking Total 6 | . 1 6 5 4 1 6 Tactical Retreats 6 | . . 1 2 . . 3 Traps | -11 -10 -9 -8 -8 -7 -6 ------- Run | Yrd Mat Mat Mat Gar Fac Fac Traps Triggered 6 | . . . . 5 . 1 Indirectly . | . . . . . . . Trap Hack Attempts . | . . . . . . . Triggered . | . . . . . . . Disarmed . | . . . . . . . Reprogrammed . | . . . . . . . Reused . | . . . . . . . Traps Extracted . | . . . . . . . Installed . | . . . . . . . Triggered . | . . . . . . . Machines | -11 -10 -9 -8 -8 -7 -6 ---------- Run | Yrd Mat Mat Mat Gar Fac Fac Machines Disabled 14 | . . 2 4 4 . 4 Max in Single Turn 3 | . . 1 1 1 . 3 Garrison Access 2 | . . . . . . 2 Garrison Relay 5 | . . . . 5 . . Machines Repaired . | . . . . . . . Machines Dismantled . | . . . . . . . Machines Sabotaged . | . . . . . . . Overloaded Fab Kills . | . . . . . . . Hacking | -11 -10 -9 -8 -8 -7 -6 --------- Run | Yrd Mat Mat Mat Gar Fac Fac Machines Accessed 11 | . . 1 3 1 . 6 Terminals 6 | . . 1 1 1 . 3 Fabricators . | . . . . . . . Repair Stations . | . . . . . . . Recycling Units 2 | . . . 1 . . 1 Scanalyzers 1 | . . . . . . 1 Garrison Access 2 | . . . 1 . . 1 Total Hacks 25 | . . 3 8 1 . 13 Successful 9 | . . . 2 . . 7 Failed 16 | . . 3 6 1 . 6 Catastrophic 8 | . . 2 1 1 . 4 Database Lockouts . | . . . . . . . Manual 8 | . . 3 2 . . 3 Terminals 10 | . . 3 2 1 . 4 Fabricators . | . . . . . . . Repair Stations . | . . . . . . . Recycling Units 7 | . . . 5 . . 2 Scanalyzers 5 | . . . . . . 5 Garrison Access 3 | . . . 1 . . 2 Terminal Hacks 1 | . . . . . . 1 Record 1 | . . . . . . 1 Fabricator Hacks . | . . . . . . . Repair Station Hacks . | . . . . . . . Recycling Unit Hacks 1 | . . . 1 . . . Report Inventory 1 | . . . 1 . . . Scanalyzer 4 | . . . . . . 4 Insert Component 2 | . . . . . . 2 Analyze 2 | . . . . . . 2 Garrison Access Hacks 3 | . . . 1 . . 2 Unlock Access 1 | . . . 1 . . . Seal Access 1 | . . . . . . 1 Coupler Status 1 | . . . . . . 1 Unauthorized Hacks . | . . . . . . . Terminals . | . . . . . . . Fabricators . | . . . . . . . Repair Stations . | . . . . . . . Recycling Units . | . . . . . . . Scanalyzers . | . . . . . . . Garrison Access . | . . . . . . . Data Cores Recovered . | . . . . . . . Used . | . . . . . . . Hacking Detections 10 | . . 1 3 1 . 5 Full Trace Events 4 | . . 1 1 . . 2 Feedback Events 1 | . . . . . . 1 Corruption 1 | . . . . . . 1 Feedback Blocked . | . . . . . . . Robot Schematics Acquired . | . . . . . . . Robots Built . | . . . . . . . Authchips . | . . . . . . . Time . | . . . . . . . Total Robot Build Rating . | . . . . . . . Part Schematics Acquired 2 | . . . . . . 2 Parts Built . | . . . . . . . Authchips . | . . . . . . . Time . | . . . . . . . Total Part Build Rating . | . . . . . . . Parts Repaired . | . . . . . . . Time . | . . . . . . . Parts Recycled . | . . . . . . . Recycled Matter . | . . . . . . . Retrieved Matter . | . . . . . . . Retrieved Components . | . . . . . . . Parts Scanalyzed 2 | . . . . . . 2 Part Schematics Acquired 2 | . . . . . . 2 Parts Damaged . | . . . . . . . Bothacking | -11 -10 -9 -8 -8 -7 -6 ------------ Run | Yrd Mat Mat Mat Gar Fac Fac Used RIF Installer 1 | . . . . 1 . . Robots Hacked 3 | . . . . . . 3 Non-combat . | . . . . . . . Combat 3 | . . . . . . 3 Robot Hacks Applied 3 | . . . . . . 3 parse_system 1 | . . . . . . 1 overwrite_iff 2 | . . . . . . 2 Relay Couplers Released 22 | . . . . 21 . 1 Machine Destruction 19 | . . . . 18 . 1 Programmers 3 | . . . . 3 . . Attached 5 | . . . . 3 . 2 Fabnet Peak Effective % . | . . . . . . . Robots Rewired . | . . . . . . . Allies Hacked . | . . . . . . . Hacks Repelled . | . . . . . . . Allies | -11 -10 -9 -8 -8 -7 -6 -------- Run | Yrd Mat Mat Mat Gar Fac Fac Total Allies 2 | . . . . . . 2 Largest Group 1 | . . . . . . 1 Highest-Rated Group 30 | . . . . . . 30 Highest-Rated Ally 30 | . . . . . . 30 Total Orders . | . . . . . . . Ally Attacks 7 | . . . . . . 7 Total Damage 226 | . . . . . . 226 Kills 1 | . . . . . . 1 Allies Corrupted . | . . . . . . . Allies Melted . | . . . . . . . Intel | -11 -10 -9 -8 -8 -7 -6 ------- Run | Yrd Mat Mat Mat Gar Fac Fac Robot Analysis Total . | . . . . . . . Derelict Logs Recovered . | . . . . . . . Drone Launches . | . . . . . . . Drone Recoveries . | . . . . . . . Exploration | -11 -10 -9 -8 -8 -7 -6 ------------- Run | Yrd Mat Mat Mat Gar Fac Fac Turns Passed 6212 | 66 276 663 1125 2501 211 1370 Spaces Moved 3703 | 36 157 271 729 1587 148 775 Core 151 | 2 . 31 118 . . . Treads 1254 | 34 157 105 279 679 . . Legs 1924 | . . 135 268 908 148 465 Wheels 374 | . . . 64 . . 310 Hover . | . . . . . . . Flight . | . . . . . . . Fastest Speed 50 | 50 160 50 50 105 105 100 Average Speed 125 | 153 160 163 117 124 106 115 Slowest Speed 330 | 160 160 330 190 185 107 260 Overloaded Moves . | . . . . . . . Propulsion Burnouts . | . . . . . . . Robots Hopped . | . . . . . . . Cave-ins Triggered . | . . . . . . . Exploration Rate (%) 27 | 3 30 32 24 82 3 16 Regions Visited 6 Branch Regions . Pre-discovered Areas . | . . . . . . . Known Exits Taken 1 | . . . 1 . . . Unknown Exits Taken 4 | 1 1 1 . . 1 . Scrap Searched . | . . . . . . . Spaces Dug 1 | . . . . 1 . . Terrain Destroyed 140 | . . 2 39 14 . 85 Melee 1 | . . . . 1 . . Projectile 12 | . . . 7 . . 5 AOE 127 | . . 2 32 13 . 80 Terrain Rammed . | . . . . . . . Walls Destroyed . | . . . . . . . Machines Disabled . | . . . . . . . Actions | -11 -10 -9 -8 -8 -7 -6 --------- Run | Yrd Mat Mat Mat Gar Fac Fac Total 4526 | 45 170 380 878 1821 174 1058 Wait 131 | . . 32 19 . . 80 Move 3697 | 35 156 270 728 1586 147 775 Hop . | . . . . . . . Pick Up 55 | 3 3 3 11 17 4 14 Fast Attach 66 | 5 2 7 15 10 1 26 Attach 45 | 1 . 2 9 10 1 22 Detach 26 | . 1 3 9 3 . 10 Swap 32 | . . 2 4 14 2 10 Drop 40 | 1 2 3 9 11 4 10 Fire 361 | . 6 56 72 144 14 69 Melee 52 | . . . . 12 . 40 Ram 2 | . . 1 . . . 1 Kick 2 | . . . . . 1 1 Crush 3 | . . 1 2 . . . Escape Stasis 9 | . . . . 9 . . Rewire 5 | . . . . 5 . . Trap . | . . . . . . . Miscellaneous . | . . . . . . . Route ------- -11/Scrapyard -10/Materials -9/Materials -8/Materials (discovered 2 exits: *Fac / Gar) -8/Garrison (discovered 3 exits: *Fac x3) -7/Factory -6/Factory History --------- Turn | Location | Event 23 | -11/Scrapyard | Discovered new exit (range 15) 67 | -11/Scrapyard | Entered Materials 318 | -10/Materials | Build established: Mutant 320 | -10/Materials | Discovered new exit (range 8) 343 | -10/Materials | Entered another Materials area 343 | -9/Materials | Evolved 2 slots: Propulsion x1, Utility x1 688 | -9/Materials | Destroyed 7 combat bots 990 | -9/Materials | Released all parts (4) 993 | -9/Materials | Core integrity fell below 50% 1002 | -9/Materials | Discovered new exit (range 5) 1006 | -9/Materials | Entered another Materials area 1006 | -8/Materials | Evolved 2 slots: Propulsion x1, Utility x1 1017 | -8/Materials | Lost 5 parts (1n1u3w) 1504 | -8/Materials | Build established: Scavenger-Mutant 1505 | -8/Materials | Identified exit to Garrison 1773 | -8/Materials | Core integrity fell below 50% 1831 | -8/Materials | Discovered new exit (range 13) 1905 | -8/Materials | Build established: Mutant 2131 | -8/Materials | Entered Garrison 2203 | -8/Garrison | Triggered checkpoint 2421 | -8/Garrison | Triggered checkpoint 2596 | -8/Garrison | Discovered new exit (range 15) 2701 | -8/Garrison | Triggered checkpoint 2819 | -8/Garrison | Triggered checkpoint 2825 | -8/Garrison | Triggered checkpoint 2871 | -8/Garrison | Lost 3 parts (1n1u1w) 2931 | -8/Garrison | Triggered checkpoint 3028 | -8/Garrison | Build established: Scavenger-Mutant 3063 | -8/Garrison | Discovered new exit (range 3) 3243 | -8/Garrison | Triggered checkpoint 3281 | -8/Garrison | Triggered checkpoint 3380 | -8/Garrison | Discovered new exit (range 10) 3495 | -8/Garrison | Triggered checkpoint 3549 | -8/Garrison | Triggered checkpoint 3549 | -8/Garrison | Garrison Relay disabled 3864 | -8/Garrison | Installed Relay Interface Framework 4059 | -8/Garrison | Garrison Relay disabled 4127 | -8/Garrison | Garrison Relay disabled 4156 | -8/Garrison | Garrison Relay disabled 4253 | -8/Garrison | Garrison Relay disabled 4632 | -8/Garrison | Entered Factory 4632 | -7/Factory | Evolved 2 slots: Power x1, Utility x1 4829 | -7/Factory | Discovered new exit (range 7) 4843 | -7/Factory | Entered another Factory area 4843 | -6/Factory | Evolved 2 slots: Utility x1, Weapon x1 4979 | -6/Factory | System corruption reached 10% 5009 | -6/Factory | Lost 3 parts (1p1u1w) 5156 | -6/Factory | Lost 9 parts (2p4n1u2w) 5352 | -6/Factory | Core integrity fell below 50% 5353 | -6/Factory | Build established: Bothacker-Mutant 5355 | -6/Factory | Garrison activated, responded to threat 5501 | -6/Factory | Lost 4 parts (1n2u1w) 5602 | -6/Factory | Lost 3 parts (1p1n1w) 5882 | -6/Factory | Core integrity fell below 20% 5921 | -6/Factory | Lost 4 parts (1p1n1u1w) 5980 | -6/Factory | Lost 6 parts (1p1n2u2w) 6213 | -6/Factory | Destroyed by H-66 Slayer with Gauss Rifle Last Messages --------------- Ready to analyze. >>Scanalyze Scanning: Flexi-carbon Leg... Schematic downloaded. >>Insert(Imp. Medium Armor Plating) Scanning Imp. Medium Armor Plating... Ready to analyze. >>Scanalyze Scanning: Imp. Medium Armor Plating... Schematic downloaded. Feedback: System corruption (+1%). 06202_ ALERT: Suspicious activity at Scanalyzer F004. Dispatching Investigation squad. 06207_ System corrupted: Component data lost. 06208_ Slug penetrates Wall. 06211_ System corrupted: Hvy. Plasma Cannon failed to cycle. 06211_ Slug penetrates Wall. 06211_ Carbon-fiber Leg destroyed. 06213_ Penetrated by Slug. Map ----- +----------------------------------------------------+ | ?????????????????????????????# ????" "??? | | ?????????????????????????????# ?? ? | | ????????????????????????????## """" """" | | ????????????????????????????# """" """" | | ????????????????????????????# """" """" | | ????????????????????????????# | | ????????????????????????????# | | ?????????????????????????????? | | ???????????????????????????????? | | ?????????????????????????????????? | | ???????????????????????????????????# | | ???????????????????????????????????# | | ???????????? ?????????????????????# | | ???????????? ?????????????????????# | | ???????????"" ????????????????????# | | ???????????"" ????????????????????# | | ????????? """ ###+####????????????# | | ????????? """ ????????????# | | ?????????? ?????????????# | | ??????????""" ?????????????# % | | ??????????""" ??????????????# | | ???? ""? """ ??????????????# | | ???? """ ##########?????# | | ???# # #?????# % | | ???# # / #??#### | | ???????# @ + = #### | | ???????# # / | | ???????# # #### | | ???????# # "S #??##+### | | ???????####h#;;# ## """ #?? ###### | | ????????? # ## "" = #?# #??# | | ??????? ? ?# ## #?# #???# | | ??????#?? h ??# k###########?# #???## | | ??????? / ???# #??????????############# | | ??????# ????# ???????????# | | ??????? ?????# ???????????# = """ | | ??????? ??????# ???????????# """"" | | ???????????????# ???????????# """"" | | ???????????????# ???????????#] | | ???????????????# ???????????# """ | | ???????????????? ???????????# "" """"" | | ??????????????????????????????# "" """"" | | ??????????????????????????????# "Y | | ??????????????????????????????# "" | | ??????????????????????????????# "" | | ??????????????????????????????# | | ??????????????????????????????##########+## | | ??????????????????????????????????????# | | ??????????????????????????????????????# | | ??????????????????????????????????????# | +----------------------------------------------------+ Best States ------------- Heat Dissipation 71 Energy Generation 31 Energy Capacity 405 Matter Stores 300 Matter Capacity 300 Sight Range 16 Terrain Scan Density 10 Additional Mass Support 9 Base Temperature (-) 100 Armor Coverage 300 Evasion (%) 55 Recoil Reduction 4 Defensive Hacking 10 Relay Coupler Types 2 Relay Coupler Value 53 Item Schematics ----------------- Flexi-carbon Leg | -6/Factory | Scanalyzed Imp. Medium Armor Plating | -6/Factory | Scanalyzed Robot Schematics ------------------ None Fabricated ------------ Nothing Alien Tech Used ----------------- None Achievements -------------- None Challenges ------------ None Game ------ Seed ConstructGuidanceShield Manual? 0 Play Time 00:52:07 Cumulative 63.6 hours Start 2024.09.21 @ 21:22:10 End 2024.09.21 @ 22:16:42 Sessions 1 Manual Loads 0 Difficulty Rogue Special Mode None Game No. 134 Rogue 134 Adventurer 0 Explorer 0 Win Type - Total 0 Types 0/0/0/0/0/0/0/0/0 Lore% 17 Gallery% 36 Achievement% 28 Wizard Run 0 Options --------- Layout 1 ASCII 0 Keyboard 1 Movement Arrows Keybinds 0 Fullscreen 1 Font 24/Smallcaps Map View 50x35 Zoom Use 0% Tactical HUD 1 Map Filters NONE Filters NONE Steam 1 RUN: f572ad21-f944-4719-9341-d9dcd3d582df